TOP OF THE 1ST |
Omaha Storm Chasers batting - Pitching for Rochester Red Wings : LHP Angel Vidaurri
|
Pitching: LHP Angel Vidaurri
|
|
Batting: RHB Yuichi Takata
|
0-0: Foul Ball, location: 2F 0-1: Ball 1-1: SINGLE (Line Drive, 8RS, EV 98.8 MPH)
|
Batting: RHB Nick Ogle
|
0-0: Foul Ball, location: 2F 0-1: Ball Yuichi Takata steals 2nd base (no throw) 1-1: Ball 2-1: Foul Ball, location: 2F 2-2: SINGLE (Groundball, 6MD, EV 102.5 MPH) Yuichi Takata to third Runner from 3rd tries for Home, SAFE, throw by CF to home
|
Batting: LHB Roman Downey
|
0-0: SINGLE (Groundball, P, EV 78.8 MPH) (infield hit) Nick Ogle to second
|
Batting: LHB Justin Rupert
|
0-0: Called Strike 0-1: Fielders Choice at 2nd, 3-6 (Groundball, 3, EV 101.9 MPH) Nick Ogle to third
|
Batting: RHB Muneer Maudad
|
0-0: Fielders Choice at 2nd, 3-6 (Groundball, 3S, EV 91.2 MPH) Nick Ogle scores
|
Batting: RHB Bob Najar
|
0-0: Ball 1-0: Called Strike 1-1: Ball 2-1: Called Strike 2-2: DOUBLE (Flyball, 7LD, EV 103.1 MPH) Muneer Maudad to third Runner from 3rd tries for Home, SAFE, no throw by LF
|
Pinch Runner at 2nd Ruben Serrata:
|
|
Batting: RHB Mikolas Markus
|
0-0: Ball 1-0: Swinging Strike 1-1: Ball 2-1: Swinging Strike 2-2: Strikes out looking
|
Top of the 1st over - 3 runs, 4 hits, 0 errors, 1 left on base; Omaha 3 - Rochester 0 |
BOTTOM OF THE 1ST |
Rochester Red Wings batting - Pitching for Omaha Storm Chasers : RHP Chris Geraci
|
Pitching: RHP Chris Geraci
|
|
Now in CF: Ruben Serrata
|
|
Batting: RHB Josh Zoglmann
|
0-0: Foul Ball, location: 2F 0-1: Ball 1-1: Fly out, F8 (Flyball, 8LM, EV 82.5 MPH)
|
Batting: LHB Matt Patnaude
|
0-0: Called Strike 0-1: Ball 1-1: Ball 2-1: Ground out 4-3 (Groundball, 4, EV 83.1 MPH)
|
Batting: LHB Steve Roepke
|
0-0: Ball 1-0: Ball 2-0: Foul Ball, location: 2F 2-1: Ground out U3 (Groundball, 34, EV 88.8 MPH)
|
Bottom of the 1st over - 0 runs, 0 hits, 0 errors, 0 left on base; Omaha 3 - Rochester 0 |
TOP OF THE 2ND |
Omaha Storm Chasers batting - Pitching for Rochester Red Wings : LHP Angel Vidaurri
|
Batting: RHB Walt Cogswell
|
0-0: Called Strike 0-1: Ball 1-1: Ball 2-1: Ball 3-1: Foul Ball, location: 2F 3-2: Foul Ball, location: 2F 3-2: Base on Balls
|
Pitching: RHP Fernando Macias
|
|
Batting: RHB Joeri Plas
|
0-0: Called Strike 0-1: Called Strike 0-2: SINGLE (Groundball, 25, EV 67.5 MPH) (infield hit) Walt Cogswell to second
|
Batting: RHB Yuichi Takata
|
0-0: Called Strike 0-1: Foul Ball, location: 2F 0-2: Ball 1-2: Ball 2-2: Strikes out swinging
|
Batting: RHB Nick Ogle
|
0-0: Called Strike 0-1: Ball 1-1: Ball 2-1: Ball 3-1: Base on Balls Walt Cogswell to third Joeri Plas to second
|
Batting: LHB Roman Downey
|
0-0: Called Strike 0-1: Ball 1-1: Ball 2-1: Called Strike 2-2: SINGLE (Line Drive, 78S, EV 92.5 MPH) Walt Cogswell scores Joeri Plas to third Nick Ogle to second
|
Pitching: LHP Inkei Wakamatsu
|
|
Batting: LHB Justin Rupert
|
0-0: Called Strike 0-1: Ball 1-1: Foul Ball, location: 2F 1-2: Strikes out looking
|
Batting: RHB Muneer Maudad
|
0-0: Foul Ball, location: 2F 0-1: Ball 1-1: Swinging Strike 1-2: Ball 2-2: Foul Ball, location: 2F 2-2: SINGLE (Groundball, 6MD, EV 94.4 MPH) Joeri Plas scores Nick Ogle to third Roman Downey to second
|
Batting: RHB Ruben Serrata
|
0-0: Ball 1-0: SINGLE (Groundball, 6S, EV 71.9 MPH) (infield hit) Nick Ogle scores Roman Downey to third Muneer Maudad to second
|
Batting: RHB Mikolas Markus
|
0-0: Ball 1-0: DOUBLE (Line Drive, 78D, EV 108.8 MPH) Roman Downey scores Muneer Maudad scores Ruben Serrata to third
|
Batting: RHB Walt Cogswell
|
0-0: SINGLE (Groundball, 4M, EV 99.4 MPH) (infield hit) Ruben Serrata scores Mikolas Markus to third
|
Batting: RHB Joeri Plas
|
0-0: DOUBLE (Line Drive, 89D, EV 110.6 MPH) Mikolas Markus scores Walt Cogswell to third
|
Batting: RHB Yuichi Takata
|
0-0: Ball 1-0: Ball 2-0: Ball 3-0: Called Strike 3-1: Ground out 6-3 (Groundball, 56, EV 98.1 MPH)
|
Top of the 2nd over - 7 runs, 7 hits, 0 errors, 2 left on base; Omaha 10 - Rochester 0 |
BOTTOM OF THE 2ND |
Rochester Red Wings batting - Pitching for Omaha Storm Chasers : RHP Chris Geraci
|
Batting: LHB Armando Rendon
|
0-0: Ground out 5-3 (Groundball, 56D, EV 85.6 MPH)
|
Batting: RHB Aaron Trotman
|
0-0: Swinging Strike 0-1: Ball 1-1: Ground out 5-3 (Groundball, 56S, EV 71.2 MPH)
|
Batting: SHB Aaron Tatar
|
0-0: Called Strike 0-1: Ball 1-1: Ball 2-1: Swinging Strike 2-2: Ball 3-2: Foul Ball, location: 2F 3-2: Strikes out swinging
|
Bottom of the 2nd over - 0 runs, 0 hits, 0 errors, 0 left on base; Omaha 10 - Rochester 0 |
TOP OF THE 3RD |
Omaha Storm Chasers batting - Pitching for Rochester Red Wings : LHP Inkei Wakamatsu
|
Pitching: RHP Isidro Aguirre
|
|
Batting: RHB Nick Ogle
|
0-0: Foul Ball, location: 2F 0-1: Foul Ball, location: 2F 0-2: Ball 1-2: Ground out 1-3 (Groundball, 15S, EV 75.0 MPH)
|
Batting: LHB Roman Downey
|
0-0: Ball 1-0: Ball 2-0: Ball 3-0: Base on Balls
|
Batting: LHB Justin Rupert
|
0-0: Ball 1-0: Ball 2-0: Ball 3-0: Base on Balls Roman Downey to second
|
Batting: RHB Muneer Maudad
|
0-0: Ball 1-0: Called Strike 1-1: Fly out, F7 (Flyball, 78M, EV 86.9 MPH)
|
Batting: RHB Ruben Serrata
|
0-0: Ball 1-0: Foul Ball, location: 2F 1-1: Ground out 3-1 (Groundball, 34S, EV 82.5 MPH)
|
Top of the 3rd over - 0 runs, 0 hits, 0 errors, 2 left on base; Omaha 10 - Rochester 0 |
BOTTOM OF THE 3RD |
Rochester Red Wings batting - Pitching for Omaha Storm Chasers : RHP Chris Geraci
|
Batting: RHB Joe Zimmerman
|
0-0: Called Strike 0-1: Foul Ball, location: 2F 0-2: Foul Ball, location: 2F 0-2: Strikes out swinging
|
Batting: SHB Kamiel Akkerman
|
0-0: Ball 1-0: Ball 2-0: Ball 3-0: Called Strike 3-1: Foul Ball, location: 2F 3-2: Ground out U3 (Groundball, 3, EV 88.1 MPH)
|
Batting: RHB Alvin Wiederhold
|
0-0: Ball 1-0: Ground out 6-3 (Groundball, 6, EV 81.2 MPH)
|
Bottom of the 3rd over - 0 runs, 0 hits, 0 errors, 0 left on base; Omaha 10 - Rochester 0 |
TOP OF THE 4TH |
Omaha Storm Chasers batting - Pitching for Rochester Red Wings : RHP Isidro Aguirre
|
Pitching: RHP Antonio Alcaraz
|
|
Batting: RHB Mikolas Markus
|
0-0: Called Strike 0-1: Swinging Strike 0-2: Foul Ball, location: 2F 0-2: Strikes out swinging
|
Batting: RHB Walt Cogswell
|
0-0: Fly out, F9 (Line Drive, 9D, EV 84.4 MPH)
|
Batting: RHB Joeri Plas
|
0-0: Called Strike 0-1: Foul Ball, location: 2F 0-2: Ball 1-2: Strikes out looking
|
Top of the 4th over - 0 runs, 0 hits, 0 errors, 0 left on base; Omaha 10 - Rochester 0 |
BOTTOM OF THE 4TH |
Rochester Red Wings batting - Pitching for Omaha Storm Chasers : RHP Chris Geraci
|
Batting: RHB Josh Zoglmann
|
0-0: Called Strike 0-1: Ground out 1-3 (Groundball, 13S, EV 67.5 MPH)
|
Batting: LHB Matt Patnaude
|
0-0: Called Strike 0-1: Ball 1-1: Swinging Strike 1-2: Ball 2-2: Fly out, F9 (Flyball, 89M, EV 88.8 MPH)
|
Batting: LHB Steve Roepke
|
0-0: Ball 1-0: Called Strike 1-1: Ball 2-1: Foul Ball, location: 2F 2-2: Strikes out swinging
|
Bottom of the 4th over - 0 runs, 0 hits, 0 errors, 0 left on base; Omaha 10 - Rochester 0 |
TOP OF THE 5TH |
Omaha Storm Chasers batting - Pitching for Rochester Red Wings : RHP Antonio Alcaraz
|
Batting: RHB Yuichi Takata
|
0-0: Ball 1-0: Ball 2-0: Ball 3-0: Called Strike 3-1: Called Strike 3-2: DOUBLE (Flyball, 89D, EV 103.8 MPH)
|
Batting: RHB Nick Ogle
|
0-0: Ball 1-0: Ball 2-0: Ball 3-0: DOUBLE (Groundball, 5L, EV 102.5 MPH) Yuichi Takata scores
|
Pitching: LHP Shu-yen Guo
|
|
Batting: LHB Roman Downey
|
0-0: SINGLE (Groundball, 4MD, EV 99.4 MPH) Nick Ogle to third
|
Batting: LHB Justin Rupert
|
0-0: Ball 1-0: Ball Wild Pitch! Nick Ogle scores Roman Downey to second 2-0: Called Strike 2-1: Ball 3-1: Ground out 6-3 (Groundball, 6MS, EV 80.0 MPH) Roman Downey to third
|
Batting: RHB Muneer Maudad
|
0-0: Fly out, F9 (Flyball, 9LD, EV 85.0 MPH) Runner from 3rd tags up, OUT at HOME! 9-2
|
Top of the 5th over - 2 runs, 3 hits, 0 errors, 0 left on base; Omaha 12 - Rochester 0 |
BOTTOM OF THE 5TH |
Rochester Red Wings batting - Pitching for Omaha Storm Chasers : RHP Chris Geraci
|
Batting: LHB Armando Rendon
|
0-0: Ball 1-0: Ball 2-0: Called Strike 2-1: Ball 3-1: Base on Balls
|
Batting: RHB Aaron Trotman
|
0-0: Ball 1-0: Ball 2-0: Grounds into double play, 5-4-3 (Groundball, 56, EV 91.9 MPH)
|
Batting: SHB Aaron Tatar
|
0-0: SINGLE (Flyball, 8LS, EV 93.1 MPH)
|
Batting: RHB Joe Zimmerman
|
0-0: Foul Ball, location: 2F 0-1: Ball 1-1: Foul Ball, location: 2F 1-2: Ball Wild Pitch! Aaron Tatar to second 2-2: Ball 3-2: 2-RUN HOME RUN (Flyball, 7LD, EV 94.4 MPH), Distance : 361 ft
|
Batting: SHB Kamiel Akkerman
|
0-0: Fly out, F6 (Popup, 4M, EV 64.4 MPH)
|
Bottom of the 5th over - 2 runs, 2 hits, 0 errors, 0 left on base; Omaha 12 - Rochester 2 |
TOP OF THE 6TH |
Omaha Storm Chasers batting - Pitching for Rochester Red Wings : LHP Shu-yen Guo
|
Batting: RHB Ruben Serrata
|
0-0: Ball 1-0: Called Strike 1-1: Ball 2-1: Foul Ball, location: 2F 2-2: Ball 3-2: Foul Ball, location: 2F 3-2: Strikes out swinging passed ball, reaches first!
|
Batting: RHB Mikolas Markus
|
0-0: Ball 1-0: Ball 2-0: Called Strike 2-1: Swinging Strike 2-2: Foul Ball, location: 2F 2-2: Ball 3-2: Base on Balls Ruben Serrata to second
|
Batting: RHB Walt Cogswell
|
0-0: Ball 1-0: Ball 2-0: Ball 3-0: Base on Balls Ruben Serrata to third Mikolas Markus to second
|
Batting: RHB Joeri Plas
|
0-0: Foul Ball, location: 2F 0-1: Foul Ball, location: 2F 0-2: Grounds into double play, 1-2-3 (Groundball, 13S, EV 64.4 MPH) Mikolas Markus to third Walt Cogswell to second
|
Batting: RHB Yuichi Takata
|
0-0: Called Strike 0-1: Ball 1-1: Called Strike 1-2: Ball Wild Pitch! Mikolas Markus scores Walt Cogswell to third 2-2: Foul Ball, location: 2F 2-2: Ball 3-2: Foul Ball, location: 2F 3-2: Foul Ball, location: 2F 3-2: Foul Ball, location: 2F 3-2: Base on Balls
|
Batting: RHB Nick Ogle
|
0-0: Fly out, F8 (Flyball, 89D, EV 99.4 MPH)
|
Top of the 6th over - 1 run, 0 hits, 0 errors, 2 left on base; Omaha 13 - Rochester 2 |
BOTTOM OF THE 6TH |
Rochester Red Wings batting - Pitching for Omaha Storm Chasers : RHP Chris Geraci
|
Batting: RHB Alvin Wiederhold
|
0-0: Called Strike 0-1: Ball 1-1: Ball 2-1: Foul Ball, location: 2F 2-2: Ball 3-2: Foul Ball, location: 2F 3-2: Strikes out swinging
|
Batting: RHB Josh Zoglmann
|
0-0: Ground out 4-3 (Groundball, 34, EV 101.9 MPH)
|
Batting: LHB Matt Patnaude
|
0-0: Ball 1-0: Ball 2-0: Foul Ball, location: 2F 2-1: SOLO HOME RUN (Flyball, 9D, EV 95.6 MPH), Distance : 371 ft
|
Batting: LHB Steve Roepke
|
0-0: Ball 1-0: Called Strike 1-1: Ball 2-1: Foul Ball, location: 2F 2-2: Ball 3-2: Ground out 3-1 (Groundball, 34, EV 90.6 MPH)
|
Bottom of the 6th over - 1 run, 1 hit, 0 errors, 0 left on base; Omaha 13 - Rochester 3 |
TOP OF THE 7TH |
Omaha Storm Chasers batting - Pitching for Rochester Red Wings : LHP Shu-yen Guo
|
Batting: LHB Roman Downey
|
0-0: Ball 1-0: Foul Ball, location: 2F 1-1: Swinging Strike 1-2: Strikes out looking
|
Pinch Hitting: LHB Ho-win Zhou
|
0-0: Called Strike 0-1: Fly out, F8 (Flyball, 78M, EV 76.2 MPH)
|
Pitching: LHP Pete Zamarron
|
|
Batting: RHB Jaden Warrior
|
0-0: Ball 1-0: Swinging Strike 1-1: Foul Ball, location: 2F 1-2: Hit by Pitch
|
Batting: RHB Ruben Serrata
|
0-0: Ball 1-0: Ball 2-0: Called Strike 2-1: Foul Ball, location: 2F 2-2: Ball 3-2: Strikes out swinging
|
Top of the 7th over - 0 runs, 0 hits, 0 errors, 1 left on base; Omaha 13 - Rochester 3 |
BOTTOM OF THE 7TH |
Rochester Red Wings batting - Pitching for Omaha Storm Chasers : RHP Chris Geraci
|
Pitching: RHP Ken Hall
|
|
Now at 1B: Ho-win Zhou
|
|
Batting: LHB Armando Rendon
|
0-0: Called Strike 0-1: Swinging Strike 0-2: Ball 1-2: Ball 2-2: Strikes out swinging
|
Batting: RHB Aaron Trotman
|
0-0: Foul Ball, location: 2F 0-1: Ball 1-1: Ball 2-1: Called Strike 2-2: Ball 3-2: Ground out 6-3 (Groundball, 6, EV 79.4 MPH)
|
Batting: SHB Aaron Tatar
|
0-0: Ball 1-0: Ball 2-0: Ball 3-0: Called Strike 3-1: Fly out, F9 (Line Drive, 9, EV 92.5 MPH)
|
Bottom of the 7th over - 0 runs, 0 hits, 0 errors, 0 left on base; Omaha 13 - Rochester 3 |
TOP OF THE 8TH |
Omaha Storm Chasers batting - Pitching for Rochester Red Wings : LHP Pete Zamarron
|
Pinch Hitting: LHB Jim Beaver
|
0-0: Ball 1-0: Swinging Strike 1-1: Ball 2-1: Swinging Strike 2-2: Ball 3-2: Strikes out swinging
|
Batting: RHB Walt Cogswell
|
0-0: Called Strike 0-1: Swinging Strike 0-2: Foul Ball, location: 2F 0-2: Ball 1-2: Ball 2-2: Ball 3-2: Base on Balls
|
Pitching: RHP Harry Pratt
|
|
Batting: RHB Joeri Plas
|
0-0: Grounds into double play, 6-4-3 (Groundball, 56, EV 85.0 MPH)
|
Top of the 8th over - 0 runs, 0 hits, 0 errors, 0 left on base; Omaha 13 - Rochester 3 |
BOTTOM OF THE 8TH |
Rochester Red Wings batting - Pitching for Omaha Storm Chasers : RHP Ken Hall
|
Now at 3B: Jim Beaver
|
|
Batting: RHB Joe Zimmerman
|
0-0: Called Strike 0-1: Called Strike 0-2: Ball 1-2: Ball 2-2: Foul Ball, location: 2F 2-2: Ball 3-2: SOLO HOME RUN (Flyball, 9D, EV 93.8 MPH), Distance : 370 ft
|
Batting: SHB Kamiel Akkerman
|
0-0: Ball 1-0: Called Strike 1-1: Swinging Strike 1-2: Ball 2-2: Ball 3-2: SINGLE (Line Drive, 5D, EV 94.4 MPH)
|
Batting: RHB Alvin Wiederhold
|
0-0: Ball 1-0: Foul Ball, location: 2F 1-1: Grounds into double play, 4-6-3 (Groundball, 4, EV 85.6 MPH)
|
Batting: RHB Josh Zoglmann
|
0-0: Called Strike 0-1: Foul Ball, location: 2F 0-2: Strikes out looking
|
Bottom of the 8th over - 1 run, 2 hits, 0 errors, 0 left on base; Omaha 13 - Rochester 4 |
TOP OF THE 9TH |
Omaha Storm Chasers batting - Pitching for Rochester Red Wings : RHP Harry Pratt
|
Batting: RHB Yuichi Takata
|
0-0: Swinging Strike 0-1: Ball 1-1: Ball 2-1: Fly out, F4 (Flyball, 34D, EV 91.2 MPH)
|
Pinch Hitting: SHB Jarrod Lindblad
|
0-0: Ball 1-0: Ground out 6-3 (Groundball, 6, EV 88.1 MPH)
|
Batting: LHB Roman Downey
|
0-0: Called Strike 0-1: Foul Ball, location: 2F 0-2: Foul Ball, location: 2F 0-2: Ground out U3 (Groundball, 3, EV 78.1 MPH)
|
Top of the 9th over - 0 runs, 0 hits, 0 errors, 0 left on base; Omaha 13 - Rochester 4 |
BOTTOM OF THE 9TH |
Rochester Red Wings batting - Pitching for Omaha Storm Chasers : RHP Ken Hall
|
Now in LF: Jarrod Lindblad
|
|
Pinch Hitting: RHB Takashi Yamada
|
0-0: Called Strike 0-1: Foul Ball, location: 2F 0-2: Strikes out swinging
|
Batting: LHB Steve Roepke
|
0-0: Fly out, F5 (Popup, 6, EV 64.4 MPH)
|
Batting: LHB Armando Rendon
|
0-0: Ball 1-0: Swinging Strike 1-1: SINGLE (Line Drive, 8RS, EV 109.4 MPH)
|
Batting: RHB Aaron Trotman
|
0-0: Ball 1-0: Foul Ball, location: 2F 1-1: Swinging Strike 1-2: SINGLE (Groundball, 56D, EV 97.5 MPH) Armando Rendon to second
|
Batting: SHB Aaron Tatar
|
0-0: Called Strike 0-1: Ball 1-1: Ball 2-1: Ball 3-1: Base on Balls Armando Rendon to third Aaron Trotman to second
|
Batting: RHB Joe Zimmerman
|
0-0: Foul Ball, location: 2F 0-1: Foul Ball, location: 2F 0-2: Foul Ball, location: 2F 0-2: Ball 1-2: Strikes out swinging
|
Bottom of the 9th over - 0 runs, 2 hits, 0 errors, 3 left on base; Omaha 13 - Rochester 4 |
|